[Event "FIDE WSTC-50-65 2022"]
[Site "Acqui Terme"]
[Date "2022.06.22"]
[Round "3.7"]
[White "Ehlvest, Jaan"]
[Black "Garcia Palermo, Carlos Horacio"]
[Result "1-0"]
[ECO "B12"]
[WhiteElo "2517"]
[BlackElo "2415"]
[Annotator "TA"]
[PlyCount "49"]
[EventDate "2022.06.20"]
[EventType "team-tourn"]
[EventCountry "ITA"]
[SourceTitle "playchess.com"]
[Source "ChessBase"]
[SourceQuality "1"]
[TimeControl "40/5400+30:1800+30"]

1. e4 c6 2. d4 d5 3. e5 Bf5 4. h4 h5 5. Bd3 Bxd3 6. Qxd3 e6 7. Nf3 Ne7 {[%emt 0:02:30][%cal Oc6c5] B12: Caro-Kann: Advance Variation.} 8. Bg5 Qd7 {[%emt 0:01:30] [#]} 9. Nbd2 $146 ({Predecessor:} 9. O-O Nf5 10. c4 Be7 11. Bxe7 Qxe7 12. g3 dxc4 13. Qxc4 Nd7 14. Nc3 Nb6 15. Qb3 {0-1 (48) Tancsa,T (2157)-Lyell,M (2198) Budapest 2019}) 9... Nf5 {[%emt 0:02:30] White has an edge.} 10. O-O Na6 11. Rfd1 Rc8 12. a3 c5 {[%emt 0:08:30] [#]} ({Black should try} 12... Be7 $14) 13. c4 $1 $16 dxc4 14. Nxc4 cxd4 15. b4 {[%emt 0:04:30] Inhibits Nc5. White is more active.} (15. Nxd4 Nxd4 16. Qxd4 Qxd4 17. Rxd4 Bc5) 15... Be7 $2 (15... Nb8 $16 {might work better.}) 16. Bxe7 (16. Nxd4 $18 Nxd4 17. Bxe7 (17. Qxd4 Qxd4 18. Rxd4 f6 $16)) 16... Kxe7 {[%emt 0:00:10] [#]} (16... Qxe7 $16 17. Nxd4 Rd8) 17. Nd6 $1 $18 (17. Nxd4 Qxd4 18. Qxd4 Nxd4 19. Rxd4 f6 $14) 17... Nxd6 18. Qxd4 {[%emt 0:00:00][%mdl 64] Pin} Rhd8 {[%emt 0:00:22] White must now prevent ...Nf5.} 19. Qf4 ({Weaker is} 19. exd6+ Qxd6 20. Qxg7 Qf4 21. Rxd8 (21. Ne5 Qf6 $14) 21... Rxd8 $16) ({Don't do} 19. Qxa7 $6 Qc7 $16) 19... Qc7 {[%emt 0:03:44] Strongly threatening ...Nf5.} 20. exd6+ Rxd6 21. Qg5+ ({But not} 21. Ne5 Rxd1+ 22. Rxd1 Ke8 $18) 21... Kf8 22. Qxh5 {[%emt 0:00:41] Threatens to win with Rxd6.} Rxd1+ 23. Rxd1 f6 {[%emt 0:00:10] Inhibits Ng5.} (23... g6 24. Qh6+ Ke8 25. Qh8+ Ke7) 24. Nd4 Qc4 (24... Kg8 25. Nxe6 Qf7) 25. Nb5 {[%emt 0:01:39] White took control after the opening.  Weighted Error Value: White=0.08 (flawless) /Black=0.43} 1-0

[Event "FIDE WSTC-50-65 2022"]
[Site "Acqui Terme"]
[Date "2022.06.22"]
[Round "3.8"]
[White "Borgo, Giulio"]
[Black "Sokolin, Leonid"]
[Result "1/2-1/2"]
[ECO "B31"]
[WhiteElo "2353"]
[BlackElo "2464"]
[Annotator "TA"]
[PlyCount "66"]
[EventDate "2022.06.20"]
[EventType "team-tourn"]
[EventCountry "ITA"]
[SourceTitle "playchess.com"]
[Source "ChessBase"]
[SourceQuality "1"]
[TimeControl "40/5400+30:1800+30"]

1. e4 c5 2. Nf3 Nc6 3. Bb5 g6 4. O-O Bg7 5. Re1 Nf6 6. e5 Nd5 7. Bxc6 bxc6 8. c4 Nc7 9. d4 cxd4 10. Qxd4 O-O 11. Qh4 Ne6 12. Nc3 f6 13. Ne4 {[%emt 0:00:30] B31: Sicilian: 2...Nc6 3 Bb5 g6.} d6 14. exd6 exd6 15. Be3 f5 {[%emt 0:12:30] Strongly threatening ...Qxh4.} 16. Neg5 $1 {[%emt 0:02:30][%csl Gg5][%cal Rh4h7] Pair of Knights!} h6 17. Nxe6 Qxh4 (17... Bxe6 $2 18. Bg5 $1 Qd7 19. Bxh6 $18) 18. Nxh4 Bxe6 19. Nxg6 Rfe8 20. Rad1 $36 {[%emt 0:08:30][%mdl 2048] [#] White is more active.} Bxc4 $146 {[%emt 0:19:30] [#]} (20... Bxb2 $14 21. Rxd6 Bxc4) ({Predecessor:} 20... Bxb2 21. Rxd6 Bxc4 22. Rxc6 Bxa2 23. Re2 Rab8 24. h3 Bf7 25. Nh4 f4 26. Bxa7 Rb7 27. Ra6 Rxe2 {0-1 (27) Nichols,S (2351)-Corti,H (2314) LSS email 2021}) 21. b3 $1 $16 Bd5 22. Nf4 Bf7 ({Less strong is} 22... Bc3 23. Rf1 $16 (23. Nxd5 cxd5 24. Rf1 f4 $16)) 23. Rxd6 Be5 24. Rdd1 {[%emt 0:00:30][%cal Bd6d1,Bd1c1,Bc1c5][%mdl 32] White is more active.} a5 25. Nd3 Bg7 26. Rc1 Rad8 27. Nf4 Rd6 28. Kf1 a4 29. bxa4 Ra8 30. Rc5 Rxa4 31. Rec1 {[%emt 0:02:00] Inhibits Bc4+.} Bxa2 32. Rxc6 Rxc6 33. Rxc6 Bc4+ {[%emt 0:00:10] Weighted Error Value: White=0.07 (flawless) /Black=0.08 (flawless)} 1/2-1/2

[Event "FIDE WSTC-50-65 2022"]
[Site "Acqui Terme"]
[Date "2022.06.22"]
[Round "3.9"]
[White "Nunn, John D M"]
[Black "Meister, Jakob"]
[Result "1/2-1/2"]
[ECO "C24"]
[WhiteElo "2568"]
[BlackElo "2418"]
[Annotator "TA"]
[PlyCount "65"]
[EventDate "2022.06.20"]
[EventType "team-tourn"]
[EventCountry "ITA"]
[SourceTitle "playchess.com"]
[Source "ChessBase"]
[SourceQuality "1"]
[TimeControl "40/5400+30:1800+30"]

1. e4 e5 2. Bc4 Nf6 3. d3 c6 4. Nf3 d5 5. Bb3 Bd6 6. Nc3 dxe4 7. Ng5 O-O 8. Ncxe4 Nxe4 9. Nxe4 Bf5 10. Qf3 {[%emt 0:09:00] C24: Bishop's Opening: 2...Nf6.} Bxe4 11. dxe4 Nd7 12. c3 Qf6 {[%emt 0:03:30] [#]} 13. Qe2 $146 ({Predecessor:} 13. Qg4 Nc5 14. Bc2 Qe6 15. Qf3 Qe7 16. h4 a5 17. Bg5 Qe6 18. O-O Be7 19. Be3 {½-½ (47) Reefat,B (2438)-Mohammad,M (2408) Dhaka 2012}) 13... Nc5 {[%emt 0:02:30] The position is equal.} 14. Bc2 a5 15. O-O Ne6 16. Bd2 Rfd8 17. Rad1 Bc5 18. g3 a4 19. Bc1 b5 20. Kg2 Rxd1 21. Rxd1 Rd8 22. Rxd8+ Qxd8 23. b3 axb3 24. Bxb3 Qd6 25. a4 bxa4 26. Bxa4 h6 27. Qc4 Kf8 28. Kf1 Ke7 29. Ke2 Kd7 30. h4 Kc7 31. Bb3 Bb6 32. Kf3 Nd8 {[%emt 0:01:25] [#] ...Qf6+ is the strong threat.} 33. Ke2 {[%emt 0:00:30] An interesting draw.  Weighted Error Value: White=0.05 (flawless) /Black=0.04 (flawless)} 1/2-1/2

[Event "FIDE WSTC-50-65 2022"]
[Site "Acqui Terme"]
[Date "2022.06.22"]
[Round "3.10"]
[White "Klundt, Klaus"]
[Black "Littlewood, Paul E"]
[Result "1/2-1/2"]
[ECO "C96"]
[WhiteElo "2295"]
[BlackElo "2347"]
[Annotator "TA"]
[PlyCount "63"]
[EventDate "2022.06.20"]
[EventType "team-tourn"]
[EventCountry "ITA"]
[SourceTitle "playchess.com"]
[Source "ChessBase"]
[SourceQuality "1"]
[TimeControl "40/5400+30:1800+30"]

1. e4 e5 2. Nf3 Nc6 3. Bb5 a6 4. Ba4 Nf6 5. O-O Be7 6. Re1 b5 7. Bb3 O-O 8. c3 d6 9. h3 Na5 10. Bc2 c5 11. d4 cxd4 12. cxd4 Bb7 {[%emt 0:00:30] has lost popularity (12...Qc7).} 13. Nbd2 Rc8 14. d5 $1 Nh5 {[%emt 0:10:30] C96: Closed Ruy Lopez: Chigorin Defence: 11 d4, replies other than 11...Qc7.} 15. Nf1 Nf4 ({Better is} 15... Nc4) 16. Ne3 (16. b3 $142 $1) 16... Nc4 {[%emt 0:08:30] [#] White is better.} 17. Nxc4 $146 ({Predecessor:} 17. Nf5 Bf6 18. b3 Nb6 19. Ba3 Be7 20. Bb4 g6 21. Nxe7+ Qxe7 22. Rc1 f5 23. Ba5 fxe4 24. Bxe4 Rxc1 25. Qxc1 Nbxd5 {0-1 (37) Stojanovic,S (2050)-Keserovic,M (2209) Belgrade 2014}) 17... bxc4 18. b3 cxb3 19. Bxb3 Kh8 (19... a5 $14) 20. Rb1 $16 Ba8 21. Bxf4 exf4 22. Qd3 Qa5 23. e5 dxe5 24. Nxe5 {[%emt 0:03:30] d6 is the strong threat.} (24. Rxe5 Qc7 $16) 24... Bd6 {[%emt 0:00:30] [#]} (24... Bb4 $16 25. Re2 (25. Bc2 Rxc2 26. Nxf7+ Rxf7 $17) 25... f6) 25. Qf5 (25. Bc2 g6 $11) (25. Nc4 $6 Qc5 $16) (25. Nd7 $1 $18 {and the rest is easy.}) 25... Qc7 {[%emt 0:05:30] Against Bc2} (25... Kg8 $16) 26. Rbc1 $40 {[%emt 0:03:30][%mdl 128] White is out for blood.} ({But not} 26. Qxf4 $2 f6 27. Rec1 Bxe5 $19) 26... Qxc1 27. Rxc1 Rxc1+ 28. Kh2 f3 (28... Bxe5 $16 29. Qxe5 f3) 29. g3 $18 {[%emt 0:00:30] Dancing on a razor blade.} Bxe5 30. Qxe5 Rcc8 31. Qf5 Rcd8 {[%emt 0:00:50] [#]} (31... Rce8 $142 32. Bc2 (32. Qxf3 Rd8 $11) 32... g6 33. Qxf3 Kg7) 32. Qxf3 $2 {[%emt 0:07:30] Weighted Error Value: White=0.18 (very precise) /Black=0.49} (32. Bc2 $1 $18 g6 33. Qf6+ (33. Qxf3 Bxd5 34. Qf6+ Kg8 $15) 33... Kg8 34. d6) 1/2-1/2

[Event "FIDE WSTC-50-65 2022"]
[Site "Acqui Terme"]
[Date "2022.06.22"]
[Round "3.11"]
[White "Stebbings, Anthony J"]
[Black "Salov, Sergej"]
[Result "1/2-1/2"]
[ECO "E94"]
[WhiteElo "2297"]
[BlackElo "2169"]
[Annotator "TA"]
[PlyCount "39"]
[EventDate "2022.06.20"]
[EventType "team-tourn"]
[EventCountry "ITA"]
[SourceTitle "playchess.com"]
[Source "ChessBase"]
[SourceQuality "1"]
[TimeControl "40/5400+30:1800+30"]

1. d4 {[%emt 0:01:00] Solonar,S} Nf6 2. c4 d6 3. Nc3 e5 4. Nf3 Nbd7 5. e4 g6 6. Be2 Bg7 7. O-O O-O 8. Be3 Qe7 9. Qc2 c6 10. d5 c5 {[%emt 0:01:30] E94: King's Indian: Classical: 6 Be2 e5 7 0-0: Various Black 7th moves.} 11. Ne1 {[%emt 0:01:00] White is more active.} Ne8 12. g4 Ndf6 {[%emt 0:02:30] White is slightly better.} 13. f3 h5 14. h3 Nh7 15. Bd3 Bf6 {[%emt 0:09:30] [#]} 16. Ng2 $146 ({White should try} 16. Qf2 $14) ({Predecessor:} 16. Qd2 Bg5 17. Kh2 Bxe3 18. Qxe3 Nef6 19. Rg1 hxg4 20. fxg4 Kg7 21. Be2 Rh8 22. Kg2 Bd7 23. Rh1 {½-½ (23) Wells,P (2530)-Solonar,S (2315) Bad Woerishofen 1998 EXT 2015 [Solonar,S]}) 16... Bg5 ({Black should play} 16... Ng5 $11) 17. Bf2 hxg4 (17... Kg7 $11) 18. fxg4 $16 ({Much weaker is} 18. hxg4 Kg7 $11) 18... Ng7 19. Bg3 Bh6 20. Kh2 {[%emt 0:09:30] Weighted Error Value: White=0.16 (very precise) /Black=0.22 (precise)} 1/2-1/2

[Event "FIDE WSTC-50-65 2022"]
[Site "Acqui Terme"]
[Date "2022.06.22"]
[Round "3.12"]
[White "Herbrechtsmeier, Christof"]
[Black "Povah, Nigel E"]
[Result "1/2-1/2"]
[ECO "B13"]
[WhiteElo "2147"]
[BlackElo "2201"]
[Annotator "NA RC"]
[PlyCount "58"]
[EventDate "2022.06.20"]
[EventType "team-tourn"]
[EventCountry "ITA"]
[SourceTitle "playchess.com"]
[Source "ChessBase"]
[SourceQuality "1"]
[TimeControl "40/5400+30:1800+30"]

1. e4 c6 2. d4 d5 3. exd5 cxd5 4. Bd3 Nc6 5. c3 Nf6 6. h3 g6 7. Nf3 Bf5 8. Bf4 Bxd3 9. Qxd3 Bg7 10. Nbd2 O-O 11. O-O Qb6 12. Rab1 Rac8 13. Rfe1 Rfe8 14. Ne5 Nxe5 15. Bxe5 Nd7 16. Bxg7 Kxg7 17. Nf3 e6 18. Qe3 Qd6 19. Ne5 Nxe5 20. dxe5 Qc5 21. Qf4 Qe7 22. Rbd1 Rc4 23. Rd4 Rec8 24. Re3 b5 25. a3 a5 26. Red3 b4 27. cxb4 axb4 28. a4 b3 29. a5 Qa7 1/2-1/2

[Event "FIDE WSTC-50-65 2022"]
[Site "Acqui Terme"]
[Date "2022.06.22"]
[Round "3.13"]
[White "Hardicsay, Peter"]
[Black "Knaak, Rainer"]
[Result "0-1"]
[ECO "C07"]
[WhiteElo "2192"]
[BlackElo "2479"]
[Annotator "TA"]
[PlyCount "122"]
[EventDate "2022.06.20"]
[EventType "team-tourn"]
[EventCountry "ITA"]
[SourceTitle "playchess.com"]
[Source "ChessBase"]
[SourceQuality "1"]
[TimeControl "40/5400+30:1800+30"]

1. e4 e6 2. d4 d5 3. Nd2 c5 4. Ngf3 cxd4 5. exd5 Qxd5 6. Bc4 Qd6 7. O-O Nf6 8. Nb3 Nc6 9. Nbxd4 Nxd4 10. Qxd4 Qxd4 11. Nxd4 a6 12. a4 Bd7 13. b3 {[%emt 0:06:30] C07: French Tarrasch: 3...c5, 4 Ngf3 and 4 exd5 Qxd5.} Rc8 14. Bb2 Bb4 {[%emt 0:12:30] [#]} 15. Nf3 $146 {[%emt 0:08:30] The position is equal.} ({Predecessor:} 15. Rfd1 Ne4 16. f3 Nc3 17. Rd3 Nxa4 18. bxa4 Rxc4 19. Rad1 O-O 20. Nf5 Bxa4 21. Ne3 Rcc8 {0-1 (21) Fernandez,J (2153)-Malakhatko,V (2529) Warsaw 2003}) 15... Bc6 16. Ne5 Be4 17. Nd3 Be7 18. Rae1 Bf5 19. Re2 O-O 20. Ne5 Rfd8 21. Bd3 Bxd3 22. Nxd3 Kf8 23. g3 Nd5 24. Kg2 Nc3 25. Bxc3 Rxc3 26. Rd1 Rdc8 27. Ne1 R8c7 28. Rd3 Bf6 29. Rxc3 Bxc3 $11 {[%emt 0:00:09][%mdl 4096] Endgame KRB-KRN} 30. Nd3 Ke7 31. f4 Kd6 32. Kf3 Kd5 33. g4 b5 34. axb5 axb5 35. Nf2 Kc5 36. Nd3+ Kd5 37. Nf2 f6 38. Nd1 e5 39. fxe5 fxe5 40. Ne3+ Ke6 41. Nf1 Rf7+ 42. Kg2 Rf4 43. h3 g6 44. Re3 Bd4 45. Rf3 Re4 {[%emt 0:01:30] Threatens to win with ...Re2+.} 46. Ng3 {[%emt 0:00:11] Prevents Re2+.} Re1 {[%emt 0:00:30] Threatening ...Rg1+.} 47. Rf1 {[%emt 0:00:05] Against Rg1+} Rxf1 48. Nxf1 {[%emt 0:02:28] KB-KN} ({Better is} 48. Kxf1 $11 Kd5 49. Ke2) 48... e4 $15 49. c4 $2 (49. Ng3 $1 $15) 49... b4 $1 $19 50. Ng3 Ke5 51. Ne2 Bc5 52. Kg3 $2 (52. h4 $17 {nothing else works.}) 52... e3 53. Kf3 g5 54. Ng3 $2 (54. Nc1 Kd4 55. Ke2) 54... Kd4 {[%emt 0:00:18] White must now prevent ...Kd3.} 55. Ke2 Bf8 $2 (55... Ba7 $19 {is more deadly.} 56. Kd1 Kc3) 56. Nf5+ $17 Kc3 57. Kxe3 Kxb3 58. Kd4 {[%emt 0:00:37] [#] aiming for c5.} Ka4 $1 {[%emt 0:02:54] Hoping for ...b3.} 59. c5 {[%emt 0:01:19] [#] And now c6 would win.} Kb5 60. Nd6+ $2 (60. c6 $17 Kxc6 61. Kc4) 60... Bxd6 61. cxd6 Kc6 {[%emt 0:00:09] Weighted Error Value: White=0.41/Black=0.20 (precise)} 0-1

[Event "FIDE WSTC-50-65 2022"]
[Site "Acqui Terme"]
[Date "2022.06.22"]
[Round "3.14"]
[White "Chevelevitch, Evgueni"]
[Black "Glatt, Gabor"]
[Result "1/2-1/2"]
[ECO "C41"]
[WhiteElo "2369"]
[BlackElo "2243"]
[Annotator "TA"]
[PlyCount "37"]
[EventDate "2022.06.20"]
[EventType "team-tourn"]
[EventCountry "ITA"]
[SourceTitle "playchess.com"]
[Source "ChessBase"]
[SourceQuality "1"]
[TimeControl "40/5400+30:1800+30"]

1. e4 d6 2. d4 Nf6 3. Nc3 Nbd7 4. Nf3 e5 5. Bc4 Be7 6. O-O O-O 7. Re1 c6 8. a4 a5 9. Ba2 h6 10. h3 Re8 11. dxe5 {C41: Philidor Defence.} dxe5 12. Nh4 Nc5 {[%emt 0:07:00] [#]} 13. Nf5 $146 {[%emt 0:22:30] White has an edge.} ({Predecessor:} 13. Qf3 Ne6 14. Nf5 Nd4 15. Nxd4 Qxd4 16. Be3 Qd6 17. Rad1 Qc7 18. Qg3 Kf8 19. Rd3 {½-½ (28) Cruz Ravina,F (2345)-Paunovic,D (2521) Pamplona 2012}) 13... Bxf5 14. exf5 Qxd1 15. Rxd1 Na6 16. Kf1 Bc5 17. Be3 Bxe3 18. fxe3 Red8 19. Ke2 {[%emt 0:04:00] Weighted Error Value: White=0.17 (very precise) /Black=0.03 (flawless)} 1/2-1/2

[Event "FIDE WSTC-50-65 2022"]
[Site "Acqui Terme"]
[Date "2022.06.22"]
[Round "3.15"]
[White "Dory, Jeno"]
[Black "Kiefer, Gerhard"]
[Result "1/2-1/2"]
[ECO "B22"]
[WhiteElo "2196"]
[BlackElo "2224"]
[Annotator "NA RC"]
[PlyCount "57"]
[EventDate "2022.06.20"]
[EventType "team-tourn"]
[EventCountry "ITA"]
[SourceTitle "playchess.com"]
[Source "ChessBase"]
[SourceQuality "1"]
[TimeControl "40/5400+30:1800+30"]

1. e4 c5 2. Nf3 e6 3. c3 Nf6 4. e5 Nd5 5. d4 cxd4 6. cxd4 b6 7. Nc3 Bb7 8. Bd3 Na6 9. O-O Nab4 10. Be2 Rc8 11. Bd2 Be7 12. a3 Nxc3 13. bxc3 Nc6 14. Qa4 O-O 15. Rac1 d6 16. Bf4 Na5 17. exd6 Bxd6 18. Bxd6 Qxd6 19. Ne5 f6 20. Nc4 Nxc4 21. Bxc4 Bd5 22. Bxd5 exd5 23. Rfe1 Rc7 24. Re3 Qd7 25. Qb3 Qc6 26. h3 Qc4 27. Qb1 g6 28. Rce1 Rff7 29. h4 1/2-1/2

[Event "FIDE WSTC-50-65 2022"]
[Site "Acqui Terme"]
[Date "2022.06.22"]
[Round "3.16"]
[White "Kierzek, Matthias"]
[Black "Szabolcsi, Janos"]
[Result "1/2-1/2"]
[ECO "B08"]
[WhiteElo "2224"]
[BlackElo "2233"]
[Annotator "TA"]
[PlyCount "123"]
[EventDate "2022.06.20"]
[EventType "team-tourn"]
[EventCountry "ITA"]
[SourceTitle "playchess.com"]
[Source "ChessBase"]
[SourceQuality "1"]
[TimeControl "40/5400+30:1800+30"]

1. d4 d6 2. e4 Nf6 3. Nc3 g6 4. Be3 c6 5. Nf3 Bg7 6. h3 O-O 7. Be2 Nbd7 8. O-O Qc7 9. a4 a5 10. Qd2 Re8 11. Rad1 e5 12. dxe5 dxe5 13. Bc4 {[%emt 0:00:30] B08: Pirc Defence: Classical System.} Nf8 $1 14. Ng5 {[%emt 0:07:30] White is more active.} (14. Bc5 $14) 14... Ne6 $11 15. Nxe6 Bxe6 16. Bxe6 Rxe6 {[%emt 0:00:30] [#]} 17. Qd3 $146 ({Predecessor:} 17. f3 Ree8 18. Qf2 Nh5 19. Rd2 Red8 20. Rxd8+ Qxd8 21. Rd1 Qe8 22. Bb6 Nf4 23. Qd2 {1-0 (42) Tokhirjonova,G (2329)-Huang,Q (2438) Riadh 2017}) 17... Qe7 18. b3 Bf8 19. Bg5 h6 20. Bc1 Qb4 21. Qf3 Kg7 22. Rd3 Rd6 23. Rxd6 Qxd6 24. Rd1 Qe7 ({Don't take} 24... Qc5 25. Bxh6+ $1 Kxh6 26. Qxf6 $16) 25. Ne2 Rd8 26. Rxd8 Qxd8 27. Ng3 Bc5 28. Be3 $2 (28. Qe2 $11 {and White has nothing to worry.}) 28... Bxe3 $19 29. Qxe3 {[%emt 0:00:06][%mdl 4096] Endgame KQN-KQN} Qd1+ 30. Kh2 Qxc2 31. f3 c5 32. h4 c4 33. bxc4 Qxc4 ({Not} 33... Qxa4 34. Qc3 $17) 34. Qa3 b6 35. h5 (35. Qd6 $17) 35... Qc5 36. Qb2 (36. Qxc5 $17 {keeps fighting.} bxc5 37. hxg6) 36... Nxh5 37. Nxh5+ gxh5 {[%emt 0:00:30] KQ-KQ} 38. Qd2 Qd4 39. Qe1 (39. Qc2 {was the only defense.}) 39... Qxa4 40. Qg3+ Kf6 41. Qh4+ Ke6 42. Qxh5 Qd7 $2 (42... Qb3 $19 {and Black stays clearly on top. Threatens to win with ...a4.} 43. Qxh6+ Kd7 44. Qd2+ Kc8) 43. Qxh6+ $17 f6 44. Qf8 {[%emt 0:06:30] Prevents Qd8.} a4 45. Qg8+ $2 {[%emt 0:01:30][%mdl 8192] [#]} (45. g4 $17 {was worth a try.}) 45... Kd6 $1 $19 46. Qf8+ Ke6 $2 ({Better is} 46... Qe7 $19 47. Qa8 Qh7+ 48. Kg3 Qd7) 47. Qg8+ $11 {[%emt 0:00:30] The position is equal.} Qf7 48. Qb8 Qe7 49. Qxb6+ Kf7 50. Qa5 a3 51. g4 Qd6 52. Kg3 Qd3 53. g5 fxg5 54. Qxe5 Qe3 {[%emt 0:01:30][%cal Oe3f4] ( -> ...Qf4+!)} 55. Qd5+ Ke7 56. Qb7+ Kd6 57. Qa6+ Kc7 {[%emt 0:00:30] ...Qf4+ is the strong threat.} 58. Qa5+ Kb7 59. Qb4+ Kc6 60. Qa4+ Kd6 61. Qa6+ Kc7 {[%emt 0:02:30] Hoping for ...Qf4+.} 62. Qc4+ {[%emt 0:00:48] White happily takes the draw.  Weighted Error Value: White=0.29 (precise) /Black=0.29 (precise)} 1/2-1/2

[Event "FIDE WSTC-50-65 2022"]
[Site "Acqui Terme"]
[Date "2022.06.23"]
[Round "4.1"]
[White "Adams, Michael"]
[Black "Kaidanov, Gregory"]
[Result "1-0"]
[ECO "C50"]
[WhiteElo "2698"]
[BlackElo "2556"]
[Annotator "TA"]
[PlyCount "133"]
[EventDate "2022.06.20"]
[EventType "team-tourn"]
[EventCountry "ITA"]
[SourceTitle "playchess.com"]
[Source "ChessBase"]
[SourceQuality "1"]
[TimeControl "40/5400+30:1800+30"]

1. e4 e5 2. Nf3 Nc6 3. Bc4 Nf6 4. d3 Bc5 5. a4 O-O 6. Bg5 {[%emt 0:01:30] C50: Hungarian Defence and Giuoco Pianissimo.} h6 7. Bh4 Be7 8. Nc3 {[%emt 0:03:30] White has an edge.} d6 {[%emt 0:04:30] [#]} 9. Bxf6 $146 ({Predecessor:} 9. a5 a6 10. h3 Be6 11. Bxf6 Bxf6 12. Nd5 Nb8 13. O-O Nd7 14. b4 c6 15. Ne3 {0-1 (43) Naiditsch,A (2700)-Gledura,B (2602) Chartres 2017}) 9... Bxf6 10. Nd5 Nb8 11. O-O Be6 12. Ne3 Re8 13. a5 c6 14. Bxe6 Rxe6 15. c3 Na6 16. Qc2 Qd7 17. Rad1 Ree8 18. h3 g6 19. Rfe1 Bg7 20. Re2 Rad8 21. d4 exd4 22. Nxd4 Nc5 23. Nf1 h5 24. Nf3 Qe7 25. Rde1 Ne6 26. h4 Qf6 27. e5 dxe5 28. Rxe5 Nc7 29. Rxe8+ Rxe8 30. Rxe8+ Nxe8 31. Ne3 Qe7 32. Qd3 Qd6 33. Qe2 Nc7 34. Nc4 Qd7 35. Ng5 Nd5 36. g3 Bf6 37. Ne5 Bxe5 38. Qxe5 $11 {[%emt 0:00:03][%mdl 4096] Endgame KQN-KQN} Qc7 {[%emt 0:02:07] Prevents Qb8+.} 39. Qe4 a6 40. Kg2 Nf6 41. Qd4 Ne8 (41... Qe7 {is interesting.} 42. Kf3 c5 43. Qf4 Ng4) 42. b4 Qd6 (42... Nd6 $11 {remains equal.}) 43. Ne4 {[%emt 0:05:09] White is more active.} (43. Qxd6 $1 $16 {White threatens Qd7 and mate.} Nxd6 44. Kf3) 43... Qe7 $14 44. Kf3 f6 45. Qe3 {[%emt 0:05:40] Nc5 is the strong threat.} Nd6 46. Nc5 Kf7 (46... Qxe3+ $14 47. fxe3 Kf8) 47. Qxe7+ $1 $16 ({Much worse is} 47. Qh6 Nf5 48. Qf4 (48. Qh7+ Ng7 $11) 48... Nd6 $11) 47... Kxe7 {[%emt 0:00:02] KN-KN} 48. Kf4 Nb5 (48... Kf7 $142) 49. Nxb7 Nxc3 {[%emt 0:00:05] [#]} 50. Nc5 ({White should play} 50. Ke3 $1 $16) 50... Nd5+ $11 51. Ke4 Nxb4 52. Kd4 Kd6 53. Kc4 {[%emt 0:00:19][%mdl 64] Deflection} Nc2 54. Nxa6 Na3+ 55. Kb4 Nc2+ 56. Kc3 (56. Kb3 $14 Nd4+ 57. Kc4) 56... Na3 (56... Ne1 $11) 57. Nb4 {[%emt 0:01:17] Strongly threatening Nd3.} (57. Kb3 $5 Nb5 58. Kb4 $16) 57... c5 58. Nd3 {[%emt 0:01:05] aiming for Nf4.} g5 {[%emt 0:00:16] Inhibits Nf4.} 59. a6 {[%emt 0:01:42][%cal Og3g4] Black must now prevent g4!} Kd5 $2 {[%emt 0:00:19][%mdl 8192] A mistake that costs the game.} (59... Kc6 $11) 60. g4 $18 Nb5+ 61. Kd2 hxg4 {[%emt 0:00:34] [#]} 62. h5 $1 Ke6 63. Nxc5+ Kf7 64. Ne4 {[%emt 0:00:19] Threatens to win with Kd3.} Kg7 65. Kd3 {[%emt 0:00:35] White mates.} Na7 66. Ng3 Nc8 67. Nf5+ {[%emt 0:00:24] Weighted Error Value: White=0.10 (very precise) /Black=0.14 (very precise)} 1-0

[Event "FIDE WSTC-50-65 2022"]
[Site "Acqui Terme"]
[Date "2022.06.23"]
[Round "4.2"]
[White "Shabalov, Alexander"]
[Black "Short, Nigel D"]
[Result "1/2-1/2"]
[ECO "C96"]
[WhiteElo "2504"]
[BlackElo "2622"]
[Annotator "TA"]
[PlyCount "140"]
[EventDate "2022.06.20"]
[EventType "team-tourn"]
[EventCountry "ITA"]
[SourceTitle "playchess.com"]
[Source "ChessBase"]
[SourceQuality "1"]
[TimeControl "40/5400+30:1800+30"]

1. e4 e5 2. Nf3 Nc6 3. Bb5 a6 4. Ba4 Nf6 5. O-O Be7 6. Re1 b5 7. Bb3 d6 8. c3 O-O 9. h3 Na5 10. Bc2 c5 11. d4 Nd7 12. Nbd2 cxd4 13. cxd4 Nc6 14. Nb3 a5 15. Be3 a4 16. Nbd2 exd4 17. Nxd4 Nxd4 {[%emt 0:00:00] C96: Closed Ruy Lopez: Chigorin Defence: 11 d4, replies other than 11...Qc7.} 18. Bxd4 Ne5 19. Qe2 {[%emt 0:16:30] [#]} Nc6 $146 ({Predecessor:} 19... b4 20. Rad1 Be6 21. Bb1 Bg5 22. Rf1 Qf6 23. f4 Bxf4 24. Qf2 Bg5 25. Qxf6 Bxf6 {0-1 (35) Robson,R (2389)-Yermolinsky,A (2522) Tulsa 2008}) 20. Be3 Bf6 21. Qxb5 Bd7 {[%emt 0:03:30] [#] Threatens to win with ...Nd4. The position is equal.} 22. Rac1 ({Don't blunder} 22. Bxa4 $2 Ne5 23. Qe2 Bxa4 $19) 22... Rb8 $1 23. Qe2 ({Reject} 23. Qxa4 Bxb2 24. Bb1 Ne5 $17) 23... Bxb2 24. Rcd1 Ne5 25. f4 Bb5 26. Qf2 Nd3 27. Bxd3 Bxd3 28. e5 dxe5 29. Nc4 Bxc4 30. Rxd8 Rfxd8 31. Qc2 Bxa2 {[%emt 0:05:30] A strong pair of Bishops.} 32. Qxa4 Bb3 33. Qa6 exf4 34. Bxf4 Bd4+ 35. Kh1 Ra8 36. Qb5 Be6 37. Rd1 h6 38. Be5 Bxe5 39. Rxd8+ Rxd8 40. Qxe5 $11 {[%emt 0:00:00][%mdl 4096] Endgame KQ-KRB} Rc8 41. Qd4 Bf5 42. g4 Be6 43. Kh2 Rb8 44. Kg2 Rb3 45. Qe4 Ra3 46. Qe5 Rb3 47. Qe4 Rb5 48. Qa8+ Kh7 49. Qe4+ g6 50. Qa4 Rd5 51. Qb4 h5 52. gxh5 Rg5+ 53. Kf2 Rxh5 54. h4 Rf5+ 55. Kg3 Re5 56. Kf4 Rd5 57. Kg3 Rd3+ 58. Kg2 Rd8 59. Kg3 Rc8 60. Qd4 Rc4 61. Qf6 Rg4+ 62. Kf2 $1 Rb4 63. Qg5 Rg4 64. Qf6 Kg8 65. Kf1 Rg3 66. Kf2 Rd3 {[%emt 0:00:30] Prevents Qd8+.} 67. h5 {[%emt 0:00:36] [#] h6 is the strong threat.} Rd5 {[%emt 0:01:30] ( -> ...Rf5+)} 68. hxg6 Rf5+ 69. Qxf5 $1 Bxf5 70. gxf7+ Kxf7 {[%emt 0:00:30] An interesting draw.  Weighted Error Value: White=0.01 (flawless) /Black=0.01 (flawless)} 1/2-1/2